[Event "*** Titled Tuesday 3|2 Blitz"]
[Site "Chess.com"]
[Date "2015.06.02"]
[Round "4"]
[White "lexiel"]
[Black "Theladies"]
[Result "1-0"]
[WhiteElo "1924"]
[BlackElo "1745"]
[TimeControl "180+2"]
[EndTime "11:45:28 PDT"]
[Termination "lexiel won by checkmate"]

1. d4 Nf6 2. Nf3 g6 3. e3 Bg7 4. c4 O-O 5. Nc3 d5 6. cxd5 Nxd5 7. Be2 c5 8. O-O Nc6 9. h3 cxd4 10. exd4 h6 11. Ne4 Kh7 12. Be3 b6 13. Rc1 Bb7 14. a3 Rc8 15. Bd3 Qd7 16. Re1 Rfd8 17. Bf1 Nxe3 18. fxe3 e5 19. Bb5 exd4 20. exd4 Qd5 21.
Bc4 Qf5 22. Ng3 Qf4 23. Ne2 Qf6 24. Qa4 Na5 25. Ne5 Nxc4 26. Rxc4 Qg5 27. Ng4 b5 28.
Qxa7 bxc4 29. Qxb7 Rf8 30. Rf1 h5 31. Ne5 Bxe5 32.
dxe5 Qe3+ 33. Rf2 Qxe5 34. Rxf7+ Rxf7 35. Qxf7+ Kh6 36. Nf4 Qg7 37. Qe6 Rf8 38. Nxh5 Kxh5 39. Qg4+ Kh6 40. Qh4# 1-0

[Event "*** Titled Tuesday 3|2 Blitz"]
[Site "Chess.com"]
[Date "2015.06.02"]
[Round "4"]
[White "Cruel_Yaro"]
[Black "grandmastergauri"]
[Result "1-0"]
[WhiteElo "2552"]
[BlackElo "2291"]
[TimeControl "180+2"]
[EndTime "11:45:42 PDT"]
[Termination "Cruel_Yaro won by resignation"]

1. e4 c6 2. d4 d5 3. e5 Bf5 4.
h4 h6 5. g4 Be4 6. f3 Bg6 7.
h5 Bh7 8. e6 fxe6 9. Bd3 Nf6 10.
Bxh7 Rxh7 11. Qd3 Na6 12. Qg6+ Kd7 13. f4 Qe8 14. Nf3 Qxg6 15. hxg6 Rh8 16. Ne5+ Kc7 17.
Be3 c5 18. dxc5 Nd7 19. Nc3 Naxc5 20. Nb5+ Kc8 21. Bxc5 Nxc5 22. Nd4 a5 23. O-O-O Ra6 24. Rde1 Ne4 25. Rh3 Rg8 26. Nb5 Rb6 27. a4 Nd6 28. Rc3+ Kb8 29. Nd7+ Ka8 30. Nxb6+ Kb8 31. Nd7+ Ka8 32.
Nxd6 exd6 33. Rc8+ 1-0

[Event "*** Titled Tuesday 3|2 Blitz"]
[Site "Chess.com"]
[Date "2015.06.02"]
[Round "4"]
[White "TheLancer"]
[Black "ruifeng"]
[Result "1-0"]
[WhiteElo "2366"]
[BlackElo "2059"]
[TimeControl "180+2"]
[EndTime "11:45:42 PDT"]
[Termination "TheLancer won by resignation"]

1. e4 c5 2. Nc3 Nc6 3. Nf3 e5 4. Bc4 Be7 5. d3 d6 6. h3 Nf6 7. a3 O-O 8. O-O h6 9. Re1 Be6 10. Bxe6 fxe6 11. Ne2 Qe8 12. Ng3 Nh5 13. Nxh5 Qxh5 14.
c3 Rf6 15. Nh2 Qg6 16. Re3 Raf8 17. Rf3 Rxf3 18. Nxf3 Rf7 19. Be3 d5 20. b4 dxe4 21. dxe4 Qxe4 22. Qb3 c4 23. Qa2 b5 24. Rd1 Bf8 25.
a4 a6 26. axb5 axb5 27. Qa8 Kh7 28. Qe8 Rf6 29. Qh5 Kg8 30. Qe8 Kh7 31. Rd7 Qg6 32. Qxg6+ Kxg6 33. Rc7 Ne7 34. Nxe5+ Kh7 35. Nd7 Nd5 36.
Nxf6+ Nxf6 37. Bd4 Ne4 38. Rb7 Nd6 39. Rb6 Kg8 40. Bc5 Ne4 41. Rb8 Nxc5 42. bxc5 Kf7 43. c6 Bd6 44. c7 1-0

[Event "*** Titled Tuesday 3|2 Blitz"]
[Site "Chess.com"]
[Date "2015.06.02"]
[Round "4"]
[White "Viaje"]
[Black "HansCoolNiemann"]
[Result "1-0"]
[WhiteElo "2170"]
[BlackElo "1961"]
[TimeControl "180+2"]
[EndTime "11:46:02 PDT"]
[Termination "Viaje won on time"]

1. d4 Nf6 2. c4 g6 3. Nc3 d5 4. cxd5 Nxd5 5. e4 Nxc3 6. bxc3 Bg7 7. Nf3 c5 8. Rb1 O-O 9. Be2 cxd4 10. cxd4 Qa5+ 11.
Bd2 Qxa2 12. O-O b6 13. Qc1 Bb7 14. Bc4 Qa4 15. Bb5 Qa2 16. Bc4 Qa4 17. Bb5 Qa2 18. Re1 Rc8 19. Qd1 Qc2 20. Qe2 Qc7 21. h4 Nc6 22.
Be3 Qd6 23. e5 Qd8 24. h5 e6 25. Red1 Qd5 26. Ng5 Nxe5 27. f3 Nc4 28. hxg6 hxg6 29.
Bxc4 Rxc4 30. Qf2 Rac8 31. Qh4 f6 32. Qh7+ Kf8 33. Ne4 Qh5 34. Qxh5 gxh5 35. Nd6 Rc3 36. Nxc8 Rxc8 37. Rdc1 Rb8 38. Rc7 f5 39. Kh2 e5 40.
Bg5 exd4 41. Bf4 Bf6 42. Rb5 Bd8 43. Rh7 1-0

[Event "*** Titled Tuesday 3|2 Blitz"]
[Site "Chess.com"]
[Date "2015.06.02"]
[Round "4"]
[White "Danirod"]
[Black "jup1978"]
[Result "1-0"]
[WhiteElo "2392"]
[BlackElo "2172"]
[TimeControl "180+2"]
[EndTime "11:46:03 PDT"]
[Termination "Danirod won by resignation"]

1. e4 e5 2. Nf3 Nc6 3. Bc4 Bc5 4.
c3 Nf6 5. d4 exd4 6. cxd4 Bb4+ 7. Bd2 Bxd2+ 8. Nbxd2 d5 9. exd5 Nxd5 10. Qb3 Na5 11.
Qa4+ c6 12. Bxd5 Qxd5 13. O-O O-O 14. Rac1 b6 15. b4 Nb7 16. Qxc6 Qxa2 17. Rfe1 Rb8 18. Ra1 Qb2 19. Reb1 Bd7 20. Qxd7 Qc2 21. Rxa7 Nd8 22.
Qa4 Qd3 23. Qb3 Qf5 24. h3 Nc6 25. Rc7 Nd8 26. Re1 Ne6 27. Rc6 Kh8 28. Re5 Qf4 29. Qe3 Qxe3 30. fxe3 Rfd8 31. Rb5 Ra8 32. Rcxb6 h6 33. Rc6 Ra1+ 34. Kf2 Ra2 35. Rb7 Kg8 36. b5 Rda8 37. Ra6 R2xa6 38. bxa6 Rxa6 39. Ne5 Ra2 40. Ke2 Ng5 41. Kd3 f6 42. h4 Ne6 43. Rb8+ Kh7 44. Nef3 Ra3+ 45. Ke2 h5 46. Rb6 Nc7 47. e4 Na6 48. d5 Nc5 49. Rc6 Na4 50. d6 Nc3+ 51.
Rxc3 Rxc3 52. d7 1-0

[Event "*** Titled Tuesday 3|2 Blitz"]
[Site "Chess.com"]
[Date "2015.06.02"]
[Round "4"]
[White "TomsKantans"]
[Black "geeeeri"]
[Result "1-0"]
[WhiteElo "2279"]
[BlackElo "2152"]
[TimeControl "180+2"]
[EndTime "11:46:18 PDT"]
[Termination "TomsKantans won by checkmate"]

1. e4 e6 2. c4 c5 3. Nc3 Nc6 4. Nf3 g6 5. d4 Bg7 6. Be3 cxd4 7. Nxd4 Nge7 8. g3 O-O 9. Bg2 a6 10. O-O f5 11. exf5 Nxf5 12. Nxf5 gxf5 13. Qd2 Qa5 14.
Rac1 Ne5 15. b3 Ng6 16. f4 Rb8 17. Qd6 Bxc3 18. Qxb8 b5 19. Bc5 Re8 20. cxb5 d5 21. b4 Qa3 22. bxa6 Bd7 23. a7 Bb2 24. Rc2 Bf6 25.
Rfc1 Ne7 26. b5 Qa5 27. b6 Nc6 28. Qc7 Nxa7 29. Qxd7 Rd8 30. Qxe6+ Kg7 31. bxa7 Qa4 32. Bxd5 Rd7 33. Qg8+ Kh6 34. Bf8+ Kh5 35. Bf3# 1-0

[Event "*** Titled Tuesday 3|2 Blitz"]
[Site "Chess.com"]
[Date "2015.06.02"]
[Round "4"]
[White "AlexanderL"]
[Black "JustaTrickstar"]
[Result "1-0"]
[WhiteElo "2527"]
[BlackElo "2437"]
[TimeControl "180+2"]
[EndTime "11:46:21 PDT"]
[Termination "AlexanderL won by resignation"]

1. d4 f5 2. Nc3 Nf6 3. Bg5 d5 4. e3 Be6 5. Nh3 Nbd7 6. Bd3 g6 7.
Bf4 Bg7 8. Nb5 Rc8 9. Nxa7 Ra8 10.
Nb5 Rc8 11. Ng5 Bg8 12. Nf3 c6 13. Nc3 Ne4 14. Ne2 Qb6 15. O-O h6 16. Rb1 g5 17.
Be5 Nxe5 18. Nxe5 e6 19. c4 Bh7 20. cxd5 exd5 21. Ng3 Qc7 22. Qh5+ Kf8 23. Ng6+ Bxg6 24. Qxg6 Qf7 25. Qxf7+ Kxf7 26. Nxf5 Nd2 27. Nd6+ Ke7 28.
Nxc8+ Rxc8 29. Rfd1 Nxb1 30. Rxb1 b6 31. Kf1 Kd6 32. Ke2 c5 33. dxc5+ bxc5 34. b3 c4 35. bxc4 dxc4 36. Bc2 Ra8 37. a4 c3 38. Rb5 Rd8 39. Rb7 Bf8 40. Bd3 Kc6 41. Rb5 Bd6 42. Be4+ Kd7 43.
g3 Ke6 44. a5 Re8 45. a6 Re7 46. Kd3 Kf6 47. f3 Rc7 48. Kc2 Bc5 49. Rxc5 Rxc5 50. a7 Ra5 1-0

[Event "*** Titled Tuesday 3|2 Blitz"]
[Site "Chess.com"]
[Date "2015.06.02"]
[Round "4"]
[White "Hikaru"]
[Black "kleinebeer98"]
[Result "1-0"]
[WhiteElo "2805"]
[BlackElo "2273"]
[TimeControl "180+2"]
[EndTime "11:46:27 PDT"]
[Termination "Hikaru won by checkmate"]

1. e4 c5 2. Nf3 d6 3. Bb5+ Nc6 4.
O-O Bd7 5. Re1 Nf6 6. Nc3 a6 7. Bxc6 Bxc6 8. d4 cxd4 9. Nxd4 Rc8 10. Bg5 e6 11. Nd5 Be7 12. Nxe7 Qxe7 13. Nf5 exf5 14. exf5 Be4 15. f3 d5 16. fxe4 Qc5+ 17. Be3 Qc4 18.
b3 Qb5 19. exd5 O-O 20. c4 Qd7 21. Bd4 Ne8 22. Qg4 f6 23. Re6 b5 24. c5 Qxd5 25.
Rae1 h5 26. Qe4 Nc7 27. Qxd5 Nxd5 28. Rxa6 Ra8 29. Rd6 Nb4 30. c6 Ra6 31. Bc5 Nxc6 32. Ree6 Rc8 33. b4 h4 34. h3 Kh7 35. Kh2 Kg8 36.
a4 Nxb4 37. Bxb4 Rxd6 38. Rxd6 bxa4 39. Rd4 Rb8 40. Ba3 Rb5 41. Rxh4 Rxf5 42. Rxa4 Rb5 43.
Ra7 Kh7 44. Bd6 Rf5 45. Bf8 Rg5 46. h4 Rg4 47. Kh3 f5 48. Rf7 Kg8 49. Rxf5 Rc4 50. Bc5 g6 51. Rg5 Rc3+ 52. g3 Kh7 53. Bd6 Rc6 54.
Bf4 Re6 55. Re5 Rf6 56. Re7+ Kg8 57. Be5 Rf5 58. Kg4 Kf8 59. Bd6 Kg8 60. Re5 Rf6 61. Be7 Rc6 62. Kg5 Kh7 63. Bc5 Kg8 64. Re8+ Kg7 65.
Re7+ Kg8 66. Bd4 Rd6 67. Bf6 Rc6 68. Kxg6 Kf8 69. h5 Kg8 70. Re8# 1-0

[Event "*** Titled Tuesday 3|2 Blitz"]
[Site "Chess.com"]
[Date "2015.06.02"]
[Round "4"]
[White "goldaxe"]
[Black "WGMCarlaHeredia"]
[Result "1-0"]
[WhiteElo "2151"]
[BlackElo "2050"]
[TimeControl "180+2"]
[EndTime "11:46:35 PDT"]
[Termination "goldaxe won by resignation"]

1. e4 c6 2. d4 d5 3. Nc3 dxe4 4. Nxe4 Bf5 5. Ng3 Bg6 6. h4 h6 7. Nf3 Nd7 8. h5 Bh7 9. Bd3 Bxd3 10. Qxd3 e6 11.
Bd2 Ngf6 12. O-O-O Be7 13. Kb1 O-O 14. Ne4 Nxe4 15.
Qxe4 Nf6 16. Qe2 Qd5 17. Be3 Ng4 18. Bc1 Rad8 19. Ne1 Nf6 20. Be3 c5 21. Nf3 c4 22.
Ne5 Rc8 23. g4 c3 24. b3 Ne4 25. Rhg1 Bf6 26. f4 Bxe5 27. dxe5 Qa5 28. g5 hxg5 29. h6 g6 30. h7+ Kh8 31. fxg5 Rfd8 32. Bc1 Nd2+ 33. Ka1 b5 34. Qf2 Rd7 35. Qf6+ Kxh7 36.
Rh1+ 1-0

[Event "*** Titled Tuesday 3|2 Blitz"]
[Site "Chess.com"]
[Date "2015.06.02"]
[Round "4"]
[White "jlandaw"]
[Black "Schemato"]
[Result "1-0"]
[WhiteElo "2311"]
[BlackElo "2046"]
[TimeControl "180+2"]
[EndTime "11:46:36 PDT"]
[Termination "jlandaw won on time"]

1. e4 e6 2. d4 d5 3. e5 b6 4.
c3 Qd7 5. Bd3 Ba6 6. Bc2 c5 7.
Ne2 Nc6 8. Be3 h5 9. a3 Bxe2 10.
Qxe2 c4 11. f4 Nge7 12. Nd2 Nf5 13. Bf2 Be7 14. Nf1 h4 15. Nd2 b5 16. Nf3 a5 17.
O-O Qd8 18. Bxf5 exf5 19. e6 O-O 20. Rfe1 h3 21. gxh3 Qd6 22. exf7+ Rxf7 23. Ne5 Nxe5 24. dxe5 Qe6 25. Kh1 Rff8 26. Rg1 b4 27. Qh5 Ra6 28. axb4 axb4 29. Rxa6 Qxa6 30. Bd4 Qc6 31.
e6 Bf6 32. e7 Ra8 33. Qg6 Bxd4 34. Qxc6 1-0

[Event "*** Titled Tuesday 3|2 Blitz"]
[Site "Chess.com"]
[Date "2015.06.02"]
[Round "4"]
[White "HZMC92"]
[Black "stepanosinovsky"]
[Result "0-1"]
[WhiteElo "2292"]
[BlackElo "2287"]
[TimeControl "180+2"]
[EndTime "11:46:36 PDT"]
[Termination "stepanosinovsky won by resignation"]

1. d4 Nf6 2. c4 g6 3. Nc3 Bg7 4. e4 d6 5. f3 O-O 6. Bg5 c5 7. d5 h6 8. Be3 a6 9. Qd2 Kh7 10. a4 e6 11. Nge2 exd5 12. cxd5 Nbd7 13. Ng3 Qc7 14. Be2 c4 15. O-O Ne5 16. f4 Neg4 17.
Bd4 h5 18. h3 Nh6 19. f5 Bd7 20. Qg5 Nxe4 21. Ncxe4 Bxd4+ 22. Kh1 Qd8 23. fxg6+ fxg6 24. Rxf8 Qxf8 25. Rf1 Nf5 26. Bxh5 Qg7 27. Bxg6+ Qxg6 28. Nxf5 Bxf5 29. Rxf5 Qxg5 30. Rxg5 Bxb2 31. Nxd6 c3 32. Rf5 c2 33. Rf7+ Kg6 34. Rc7 c1=Q+ 35. Rxc1 Bxc1 36.
Nxb7 Bf4 37. g3 Bxg3 38. Kg2 Be5 39. d6 Kf5 40. d7 Bf6 41. h4 Bxh4 42. Kf3 Ke6 43.
d8=Q Bxd8 44. Ke4 Bb6 45. a5 Bg1 46. Kd3 Rb8 47. Nc5+ Bxc5 0-1

[Event "*** Titled Tuesday 3|2 Blitz"]
[Site "Chess.com"]
[Date "2015.06.02"]
[Round "4"]
[White "wonderfultime"]
[Black "Cryptochess"]
[Result "1/2-1/2"]
[WhiteElo "2518"]
[BlackElo "2375"]
[TimeControl "180+2"]
[EndTime "11:46:40 PDT"]
[Termination "Game drawn by agreement"]

1. d4 Nf6 2. c4 e6 3. Nf3 Bb4+ 4.
Nbd2 b6 5. a3 Bxd2+ 6. Bxd2 Bb7 7. Bg5 O-O 8. e3 h6 9. Bh4 d6 10. Be2 Nbd7 11. O-O a5 12. b4 g5 13. Bg3 Ne4 14. Qc2 f5 15. Nd2 Ndf6 16. Nxe4 Nxe4 17. c5 Bd5 18. f3 Nxg3 19. hxg3 Qf6 20. Bc4 f4 21.
gxf4 gxf4 22. Bxd5 exd5 23. cxb6 cxb6 24. Qd3 fxe3 25.
Qxe3 Rae8 26. Qd3 Kh8 27. Rae1 Rg8 28. Rxe8 Rxe8 29. bxa5 bxa5 30. Rd1 Qg5 31. Qc2 Qe3+ 32. Qf2 Qxa3 33. Re1 Qa4 34. Rxe8+ Qxe8 35. Qd2 Kg7 36. Qxa5 Qe3+ 37. Kh1 Qxd4 38. Qc7+ Kg8 39. Qd8+ Kg7 40. Qd7+ Kg8 41. Qxd6 Qh4+ 42. Kg1 Qe1+ 43. Kh2 Qh4+ 44. Kg1 Qe1+ 1/2-1/2

[Event "*** Titled Tuesday 3|2 Blitz"]
[Site "Chess.com"]
[Date "2015.06.02"]
[Round "4"]
[White "Recombinant"]
[Black "Keaton87"]
[Result "0-1"]
[WhiteElo "2110"]
[BlackElo "2398"]
[TimeControl "180+2"]
[EndTime "11:46:41 PDT"]
[Termination "Keaton87 won by resignation"]

1. d4 Nf6 2. c4 g6 3. Nc3 Bg7 4. Nf3 O-O 5. Bg5 c6 6. e3 d5 7. Qb3 Qb6 8. c5 Qc7 9. Bf4 Qd8 10. Bd3 Nbd7 11. Qc2 b6 12. cxb6 axb6 13. O-O Ba6 14. b3 c5 15. Bxa6 Rxa6 16. Nb5 Ne4 17. a4 h6 18.
Rac1 g5 19. Bg3 Nxg3 20. hxg3 e6 21. Rfd1 Qe7 22. Qe2 Raa8 23. Nh2 Rac8 24. Na7 Ra8 25. Nb5 Rfd8 26. Nf3 Nb8 27. Qc2 Na6 28. g4 Rac8 29.
Qe2 Nb4 30. Ne1 Nc6 31. Nf3 Na5 32. Qd3 c4 33. bxc4 dxc4 34. Qe4 Qd7 35. Ne5 Qd5 36.
Qxd5 exd5 37. Na7 Ra8 38. Nb5 Nb3 39. Rc3 Rxa4 40. Nc6 Rda8 41. Ne7+ Kf8 42. Nxd5 R8a5 43. Nxb6 Rb4 44. Rxc4 Rxc4 45. Nxc4 Rxb5 46. Rb1 Nxd4 47. Rxb5 Nxb5 48. f3 Ke7 49. Kf2 Nd6 50. Nd2 Ke6 51. Nf1 Be5 52. g3 Bc3 53. f4 Ne4+ 54. Kf3 Nd2+ 55.
Nxd2 Bxd2 56. Ke4 Be1 57. Kf3 Kd5 58. Kg2 Ke4 59. Kh3 Kxe3 60. f5 Kf3 61. f6 Bf2 62.
Kh2 Bxg3+ 63. Kh3 Bh4 0-1

[Event "*** Titled Tuesday 3|2 Blitz"]
[Site "Chess.com"]
[Date "2015.06.02"]
[Round "4"]
[White "9ShMat2"]
[Black "GeorgMeier"]
[Result "1-0"]
[WhiteElo "2504"]
[BlackElo "2727"]
[TimeControl "180+2"]
[EndTime "11:46:43 PDT"]
[Termination "9ShMat2 won by resignation"]

1. e4 e6 2. d4 d5 3. e5 c5 4. c3 Ne7 5. Be2 Nec6 6. Nf3 b6 7.
O-O Ba6 8. Be3 Be7 9. Na3 Bxe2 10. Qxe2 O-O 11. c4 cxd4 12. Bxd4 Bxa3 13. bxa3 dxc4 14. Qxc4 Ne7 15. Rfd1 Nd5 16. Rac1 Nd7 17. a4 h6 18.
a5 bxa5 19. Qa4 Re8 20. g3 Nf8 21. Rc5 Nb6 22. Qxa5 Ng6 23. Rdc1 Ne7 24. Qa6 Nf5 25. Bb2 Nd5 26. Nd4 Qb6 27. Qxb6 axb6 28. Rxd5 exd5 29.
Nxf5 Rxa2 30. Bd4 Rb8 31. Ne7+ Kh7 32. Rc7 Rd2 33. Be3 Rd1+ 34. Kg2 d4 35. Rd7 b5 36.
Bxd4 b4 37. e6 fxe6 38. Nc6 Rg8 39. Rb7 h5 40. Rxb4 Rc8 41. Ne5 Rc7 42. h4 Rdc1 43. Nf3 Kg6 44. Rb5 Rd1 45. Rg5+ Kh6 46. Be3 1-0

[Event "*** Titled Tuesday 3|2 Blitz"]
[Site "Chess.com"]
[Date "2015.06.02"]
[Round "4"]
[White "GMHess"]
[Black "adypady02"]
[Result "1-0"]
[WhiteElo "2482"]
[BlackElo "2269"]
[TimeControl "180+2"]
[EndTime "11:46:45 PDT"]
[Termination "GMHess won by resignation"]

1. b3 d5 2. Bb2 Nf6 3. Nf3 Bf5 4. e3 e6 5. Be2 h6 6. c4 Nbd7 7. Nc3 c6 8. O-O Bd6 9. d4 O-O 10. Rc1 a5 11. Na4 Re8 12. Ne5 Bxe5 13. dxe5 Ne4 14. f3 Nec5 15. Nxc5 Nxc5 16. cxd5 Na6 17.
dxc6 bxc6 18. e4 Bg6 19. Qxd8 Rexd8 20. Rfd1 Rxd1+ 21. Rxd1 Nc5 22. Ba3 Na6 23. Bxa6 Rxa6 24. Rd8+ Kh7 25. Bc5 f5 26. exf6 gxf6 27. a4 f5 28. Bd4 Bf7 29. e5 f4 30. Bc5 Bg6 31. Kf2 Bc2 32. Rb8 Kg6 33. Ke2 h5 34. Kd2 Bf5 35.
Kc3 h4 36. h3 Kh5 37. Rh8+ Kg6 38. Rxh4 Ra8 39. Rxf4 Rd8 40. Rd4 Rg8 41. g4 Bb1 42. Rd1 Ba2 43. Ra1 1-0

[Event "*** Titled Tuesday 3|2 Blitz"]
[Site "Chess.com"]
[Date "2015.06.02"]
[Round "4"]
[White "oggy1984"]
[Black "aripov96"]
[Result "1-0"]
[WhiteElo "2319"]
[BlackElo "2259"]
[TimeControl "180+2"]
[EndTime "11:46:48 PDT"]
[Termination "oggy1984 won by resignation"]

1. d4 d5 2. Nf3 Nf6 3. c4 c6 4. Nc3 e6 5. Bg5 dxc4 6. e4 b5 7. e5 h6 8. Bh4 g5 9. Nxg5 hxg5 10. Bxg5 Nbd7 11. g3 Qa5 12. exf6 b4 13. Ne4 Ba6 14. Qf3 O-O-O 15. Bg2 c3 16. Nxc3 bxc3 17. Qxc6+ Kb8 18. Qa8+ Kc7 19. Qxa7+ Kc8 20. Bb7+ Kc7 21.
Bf4+ e5 22. Bxa6+ Kd6 23. dxe5+ Nxe5 24. O-O-O+ Ke6 25. Bc8+ Rxc8 26. Qxa5 cxb2+ 27. Kb1 Nc4 28. Qa6+ Nb6 29. Qxb6+ Kf5 30. Qb5+ Kg4 31. Qd7+ Kf3 32. Rd3+ Kg2 33. Qd5+ Kh3 34. Qf3 Rc1+ 35. Bxc1 bxc1=Q+ 36. Rxc1 Ba3 37. Rxa3 Rd8 38. Ra5 Rh8 39. Rcc5 Rh4 40.
Rh5 Kxh2 41. Rxh4+ 1-0

[Event "*** Titled Tuesday 3|2 Blitz"]
[Site "Chess.com"]
[Date "2015.06.02"]
[Round "4"]
[White "LittlePeasant"]
[Black "GGuseinov"]
[Result "0-1"]
[WhiteElo "2373"]
[BlackElo "2524"]
[TimeControl "180+2"]
[EndTime "11:47:00 PDT"]
[Termination "GGuseinov won by resignation"]

1. Nf3 g6 2. d4 Bg7 3. c4 d6 4. g3 Nf6 5. Bg2 O-O 6. Nc3 Nbd7 7. O-O e5 8. e4 exd4 9. Nxd4 Re8 10. h3 Nc5 11.
Re1 a5 12. Nb3 Nfd7 13. Be3 a4 14. Nd4 Ne5 15. Bf1 Bd7 16. Qc2 Qc8 17. Kh2 Ne6 18.
Qd1 h5 19. Nc2 h4 20. gxh4 Qd8 21. f4 Qxh4 22. fxe5 Bxe5+ 23. Kh1 a3 24. Nd5 axb2 25. Rb1 Rxa2 26. Qf3 Ba4 27. Ncb4 Ra1 28. Nd3 Bg7 29. Bf2 Ng5 30. Qg2 Qxh3+ 31. Qxh3 Nxh3 32. Bxh3 Bc2 33.
Rxa1 bxa1=Q 34. Rxa1 Bxa1 35. N5b4 Bxd3 36. Nxd3 Rxe4 37.
c5 dxc5 38. Nxc5 Re2 39. Bg1 Re1 40. Nd3 Rb1 41. Kg2 b5 42. Bd7 b4 43. Bf2 b3 44.
Ba4 b2 45. Bc2 Rc1 0-1

[Event "*** Titled Tuesday 3|2 Blitz"]
[Site "Chess.com"]
[Date "2015.06.02"]
[Round "4"]
[White "MinhGTrAn"]
[Black "Philofive"]
[Result "1-0"]
[WhiteElo "2567"]
[BlackElo "2219"]
[TimeControl "180+2"]
[EndTime "11:47:08 PDT"]
[Termination "MinhGTrAn won by resignation"]

1. d4 Nf6 2. c4 g6 3. Nc3 Bg7 4. e4 d6 5. Nf3 O-O 6. Be2 e5 7. O-O Nc6 8. dxe5 dxe5 9. Bg5 Qe8 10. Nd5 Nxd5 11. cxd5 Nd4 12. Rc1 Nxe2+ 13. Qxe2 f6 14. Be3 Rf7 15. Rc3 Bf8 16. Rfc1 Bd6 17. Bc5 Bg4 18.
h3 Bxf3 19. Qxf3 Qb5 20. Rb3 Qa6 21. Ra3 Qb5 22. Qb3 Qxb3 23. Rxb3 b6 24. Bxd6 cxd6 25. Rc6 Rd8 26. Kf1 f5 27. exf5 gxf5 28. Ke2 Rdd7 29. Kd3 Kg7 30. Kc4 Kf6 31. Rg3 e4 32. Kd4 Rf8 33.
a4 Rff7 34. Rg8 Rg7 35. Rxg7 Kxg7 36. g4 Kf6 37. Rc8 fxg4 38. hxg4 Re7 39. Rd8 Kg5 40. Rxd6 Kxg4 41. Re6 Rf7 42. Rxe4+ Kg5 43. d6 Rxf2 44. Ke5 Rd2 45. Ke6 h5 46. d7 h4 47. Re5+ Kf4 48.
Rd5 1-0

[Event "*** Titled Tuesday 3|2 Blitz"]
[Site "Chess.com"]
[Date "2015.06.02"]
[Round "4"]
[White "Aygehovit1992"]
[Black "Zvonokchess"]
[Result "1-0"]
[WhiteElo "2436"]
[BlackElo "2525"]
[TimeControl "180+2"]
[EndTime "11:47:11 PDT"]
[Termination "Aygehovit1992 won by checkmate"]

1. e4 e5 2. Nf3 Nc6 3. Bc4 Bc5 4. d3 Nf6 5. O-O O-O 6. c3 d6 7. b4 Bb6 8. Be3 Bxe3 9. fxe3 a5 10. b5 Ne7 11. Qe1 c6 12. Nbd2 d5 13. exd5 cxd5 14. Bb3 e4 15. dxe4 dxe4 16. Nd4 Ng6 17. Qg3 Qe7 18. Qg5 a4 19. Bc2 h6 20. Qg3 Re8 21. b6 Qc5 22. Rxf6 gxf6 23. Nxe4 Qxb6 24. Nd6 Rxe3 25.
Qxe3 Qxd6 26. Bxg6 fxg6 27. Qe8+ Kg7 28. Re1 h5 29. Re7+ Kh6 30. Qf8+ Kg5 31. h4+ Kf4 32. Re4+ Kxe4 33. Qxd6 Bg4 34. Qxf6 Rc8 35. Qxg6+ Ke3 36.
Qb6 Kd3 37. Nb5 Rc4 38. Qxb7 Re4 39. Qd5+ Ke3 40. Na3 Kf4 41. Nc4 Re2 42. Qd4+ Kg3 43. Qd3+ Kxh4 44. Ne3 Rxa2 45. Qd8+ Kg3 46. Nf1+ Kf4 47.
Qd4+ Kg5 48. Qd5+ Kh4 49. Qxa2 a3 50. Qxa3 Kg5 51. Qe7+ Kf4 52. Qf6+ Ke4 53. Qd4+ Kf5 54. Ng3+ Kg5 55. Qe5+ Kh4 56. Kh2 Bd7 57. Qf4+ Bg4 58.
Nf5# 1-0

[Event "*** Titled Tuesday 3|2 Blitz"]
[Site "Chess.com"]
[Date "2015.06.02"]
[Round "4"]
[White "kesarev"]
[Black "alexsuper1987"]
[Result "1-0"]
[WhiteElo "2149"]
[BlackElo "2064"]
[TimeControl "180+2"]
[EndTime "11:47:12 PDT"]
[Termination "kesarev won by resignation"]

1. Nf3 Nf6 2. c4 c5 3. g3 e6 4. Bg2 d5 5. cxd5 exd5 6. O-O Be7 7. d4 O-O 8. b3 Nc6 9. dxc5 Bxc5 10. Bb2 Be6 11. Nd4 Nxd4 12. Bxd4 Bxd4 13. Qxd4 Qa5 14. Nc3 Rac8 15. Rfc1 a6 16. Na4 Qb5 17. e3 Qe2 18.
Bf1 Rxc1 19. Rxc1 Qxa2 20. Qb2 Qxb2 21. Nxb2 Rc8 22. Rxc8+ Bxc8 23. b4 Kf8 24. Bd3 Ke7 25. Kf1 Kd6 26. Ke2 b6 27. Na4 Kc7 28. f3 Bd7 29.
Nc3 a5 30. bxa5 bxa5 31. g4 h6 32. Kd2 Kb6 33. Bc2 Kc5 34. Kd3 Kb4 35. h4 g5 36.
hxg5 hxg5 37. f4 Nxg4 38. fxg5 Nf2+ 39. Kd4 Be6 40. Ba4 Ne4 41. Nxe4 Kxa4 42. Nc5+ Kb4 43. Nxe6 a4 44. Nc7 a3 45. Nxd5+ Kb3 46. Nc3 Kc2 47. e4 Kd2 48. e5 1-0

[Event "*** Titled Tuesday 3|2 Blitz"]
[Site "Chess.com"]
[Date "2015.06.02"]
[Round "4"]
[White "Genghis_K"]
[Black "Gevorg_Harutjunyan"]
[Result "1-0"]
[WhiteElo "2559"]
[BlackElo "2538"]
[TimeControl "180+2"]
[EndTime "11:47:30 PDT"]
[Termination "Genghis_K won by resignation"]

1. e4 c6 2. d4 d5 3. Nc3 dxe4 4. Nxe4 Bf5 5. Ng3 Bg6 6. h4 h6 7. Nf3 Nd7 8. h5 Bh7 9. Bd3 Bxd3 10. Qxd3 Ngf6 11.
Bd2 e6 12. O-O-O Qc7 13. Ne4 Be7 14. Kb1 Rd8 15. Nxf6+ Bxf6 16. g3 Qb6 17. Qa3 Be7 18. Qb3 O-O 19. Bc1 Qxb3 20. axb3 c5 21. Be3 cxd4 22.
Bxd4 Bc5 23. c3 Bxd4 24. Nxd4 Nf6 25. Kc2 Rd5 26. c4 Rd7 27. Nb5 Rfd8 28. Rxd7 Rxd7 29. Nxa7 Ne4 30. Rd1 Rxd1 31. Kxd1 Nxf2+ 32. Kc2 Nh1 33. b4 Kf8 34. c5 Ke7 35. b5 Kd7 36. b4 Nxg3 37.
b6 Ne4 38. Kd3 f5 39. Kd4 Nf6 40. b5 Nd5 41. c6+ bxc6 42. bxc6+ Kd6 43. b7 Kc7 44.
Nb5+ Kb8 45. Ke5 f4 46. Nd4 Nb4 47. Kd6 Na6 48. Kxe6 Nb4 49. Kd7 Na6 50. Nf3 Nc7 51.
Ne5 Na6 52. Kd8 Nc7 53. Nd7+ Ka7 54. b8=Q+ 1-0

[Event "*** Titled Tuesday 3|2 Blitz"]
[Site "Chess.com"]
[Date "2015.06.02"]
[Round "4"]
[White "VSERGUEI"]
[Black "GMG"]
[Result "1-0"]
[WhiteElo "2499"]
[BlackElo "2463"]
[TimeControl "180+2"]
[EndTime "11:47:30 PDT"]
[Termination "VSERGUEI won by resignation"]

1. d4 d6 2. Nf3 Nf6 3. c4 g6 4. Nc3 Bg7 5. e4 O-O 6. Be2 c5 7. d5 e6 8. Nd2 exd5 9. cxd5 Re8 10. O-O a6 11. a4 Nbd7 12. h3 Qc7 13. Ra3 Rb8 14.
Qc2 c4 15. a5 b5 16. axb6 Nxb6 17. Na4 Nfd7 18. Nxb6 Nxb6 19. Nxc4 Bd7 20. b3 Bb5 21. Be3 Rec8 22. Rc1 Nd7 23. Qa2 Nc5 24. Kh2 Nxe4 25. Nb6 Qxc1 26. Bxc1 Rxc1 27. Bxb5 Be5+ 28. g3 Nc3 29.
Qd2 Rd1 30. Qc2 Rxb6 31. Bxa6 Rxd5 32. Bc4 Rc5 33. Ra8+ Kg7 34. Qd2 d5 35. Qe3 d4 36.
Qd3 Rc7 37. Kg2 h5 38. h4 Bf6 39. Qf3 Re7 40. Rc8 Rd6 41. Qa8 Kh7 42. Qb8 Rdd7 43. Rc6 Bg7 44. Bd3 Ne4 45. b4 Rb7 46. Qd8 Red7 47.
Qc8 Nf6 48. b5 Nd5 49. Qe8 Ne7 50. Qxf7 Nf5 51. Qxg6+ 1-0

[Event "*** Titled Tuesday 3|2 Blitz"]
[Site "Chess.com"]
[Date "2015.06.02"]
[Round "4"]
[White "MFBerna"]
[Black "MattyDPerrine"]
[Result "0-1"]
[WhiteElo "1806"]
[BlackElo "2236"]
[TimeControl "180+2"]
[EndTime "11:47:47 PDT"]
[Termination "MattyDPerrine won by resignation"]

1. e4 c5 2. Nf3 e6 3. d4 cxd4 4. Nxd4 Nc6 5. Nc3 Qc7 6. Be2 a6 7.
O-O Nf6 8. Be3 Bb4 9. Na4 Be7 10. Nxc6 bxc6 11. Nb6 Rb8 12. Nxc8 Qxc8 13. Bd4 Nxe4 14. Bxg7 Rg8 15. Qd4 Rb4 16. c4 d5 17. Be5 f6 18.
Bh5+ Kf8 19. Bf4 Kg7 20. Qa7 Qb7 21. Qxb7 Rxb7 22. cxd5 cxd5 23. b3 e5 24. Bg3 Rc7 25.
Rac1 Rgc8 26. Rxc7 Rxc7 27. Be2 Rc2 28. Bxa6 Rxa2 29. Bb7 Rd2 30. f3 Bc5+ 31. Kh1 Nxg3+ 32. hxg3 f5 33. Rc1 Be3 34. Ra1 e4 35. fxe4 dxe4 36.
Rf1 Rd6 37. Rf4 Bxf4 38. gxf4 Rd3 39. Bc8 Kf6 40. g4 fxg4 41. Bxg4 Rxb3 42. Kg2 Kg6 43. Be6 Rc3 44. Bd7 h5 45. Be6 h4 46. Bd7 Rf3 47. f5+ Kg5 48. Bc8 h3+ 49. Kh2 e3 50.
Ba6 e2 51. Bxe2 Rf2+ 52. Kxh3 Rxe2 53. Kg3 Re3+ 0-1